 Dungeon Crawl Stone Soup version 0.31-a0-1370-gf52a5a9ab3 (webtiles) character file.

Game seed: 17288990984828798685

11461 Pooter the Cleaver (level 11, -8/99 HPs)
             Began as a Minotaur Monk on Dec 23, 2023.
             Was an Elder of Okawaru.
             Killed from afar by an acid dragon (32 damage)
             ... with a splash of acid
             ... on level 10 of the Dungeon on Dec 24, 2023.
             The game lasted 01:03:27 (12305 turns).

Pooter the Cleaver (Minotaur Monk)                 Turns: 12305, Time: 01:03:28

Health: -8/99      AC:  5    Str: 29    XL:     11   Next: 49%
Magic:  13/14      EV: 14    Int: 10    God:    Okawaru [****..]
Gold:   483        SH:  0    Dex: 12    Spells: 4/10 levels left

rFire   . . .        a - +5 battleaxe
rCold   . . .        (shield currently unavailable)
rNeg    . . .        v - +4 ring mail "Maoja" {rElec rPois Str+2 Int+3}
rPois   +            (helmet restricted)
rElec   +            h - +0 cloak
rCorr   .            E - +0 pair of gloves
SInv    .            w - +0 pair of boots
Will    .....        F - amulet of faith {!P}
Stlth   ++           c - +6 ring of strength
HPRegen 0.36/turn    W - ring of wizardry
MPRegen 0.14/turn

%: faith, wizardry (x1)
@: heroic, corroded, studying Shields
A: horns 2, retaliatory headbutt
a: Renounce Religion, Heroism, Finesse


You were on level 10 of the Dungeon.
You worshipped Okawaru.
Okawaru was greatly pleased with you.
You visited 2 branches of the dungeon, and saw 11 of its levels.
You also visited: Sewer and Bailey.

You collected 676 gold pieces.
You spent 193 gold pieces at shops.

Inventory:

Hand Weapons
 a - a +5 battleaxe (weapon)
   (You took it off an orc warrior on level 10 of the Dungeon)
 b - a +0 orcbow
   (You took it off a centaur on level 7 of the Dungeon)
 e - a +0 scythe of flaming
   (You took it off Sigmund on level 2 of the Dungeon)
 B - a +0 war axe
   (You took it off an orc on level 8 of the Dungeon)
 G - a +0 hand axe of electrocution
   (You took it off an orc on level 5 of the Dungeon)
 O - the +2 bardiche of the Little People {freeze, Int-3 Dex+3}
   (You found it in a bailey)

   Int-3:     It affects your intelligence (-3).
   Dex+3:     It affects your dexterity (+3).
Missiles
 k - 2 boomerangs
 q - 4 curare-tipped darts
 u - 69 poisoned darts (quivered)
 L - a throwing net {!f}
 Q - 79 stones
 T - 21 javelins
Armour
 h - a +0 cloak (worn)
   (You found it on level 1 of the Dungeon)
 r - a +0 buckler of protection
   (You found it on level 3 of the Dungeon)
 v - the +4 ring mail "Maoja" (worn) {rElec rPois Str+2 Int+3}
   (You found it on level 5 of the Dungeon)

   Str+2:     It affects your strength (+2).
   Int+3:     It affects your intelligence (+3).
   rElec:     It insulates you from electricity.
   rPois:     It protects you from poison
 w - a +0 pair of boots (worn)
   (You found it on level 5 of the Dungeon)
 E - a +0 pair of gloves (worn)
   (You found it on level 5 of the Dungeon)
 J - a +0 robe
 M - an orb of light
 U - a +0 plate armour
   (You took it off an orc warrior on level 10 of the Dungeon)
Jewellery
 c - a +6 ring of strength (left hand)
   (You found it on level 1 of the Dungeon)
 n - a ring of ice
   (You found it on level 3 of the Dungeon)
 p - a ring of magical power
   (You found it on level 3 of the Dungeon)
 F - an amulet of faith (around neck) {!P}
   (You took it off an orc on level 5 of the Dungeon)
 N - a ring of positive energy
   (You found it on level 2 of the Dungeon)
 P - a ring of poison resistance
   (You found it on level 8 of the Dungeon)
 S - a ring of flight
   (You found it on level 10 of the Dungeon)
 W - a ring of wizardry (right hand)
   (You found it in a sewer)
Wands
 d - a wand of iceblast (7)
   (You found it on level 8 of the Dungeon)
 f - a wand of flame (54)
   (You took it off Sigmund on level 2 of the Dungeon)
 m - a wand of charming (13)
   (You found it on level 3 of the Dungeon)
 x - a wand of acid (9)
   (You found it on level 7 of the Dungeon)
 H - a wand of mindburst (6)
   (You found it on level 7 of the Dungeon)
Scrolls
 g - 3 scrolls of fog
 l - 3 scrolls of blinking
 o - 3 scrolls of fear
 s - a scroll of immolation {!r}
 t - 5 scrolls of teleportation {@r4}
 y - 2 scrolls of vulnerability {!r}
 R - a scroll of amnesia {unknown}
Potions
 i - a potion of cancellation {unknown}
 j - 6 potions of curing {@q1}
 z - 2 potions of heal wounds {unknown}
 A - 2 potions of haste {@q3}
 C - a potion of mutation {unknown}
 D - 2 potions of attraction {unknown}
 I - 2 potions of magic {unknown}
 K - 2 potions of brilliance


   Skills:
 + Level 9.7(14.7) Fighting
 - Level 12.4(17.6) Axes
 * Level 3.5(13.8) Polearms
 * Level 7.0(12.0) Ranged Weapons
 - Level 3.2(8.2) Dodging
 + Level 2.3 Conjurations
 + Level 0.6 Hexes
 + Level 0.8 Ice Magic
 - Level 4.6 Earth Magic
 + Level 5.9 Invocations
 + Level 6.0 Evocations


You had 4 spell levels left.
You knew the following spells:

 Your Spells              Type           Power      Damage    Failure   Level
a - Sandblast             Erth           18%        2d7       3%          1
b - Stone Arrow           Conj/Erth      12%        3d7       16%         3
c - Ensorcelled Hibernat  Hex/Ice        2%         N/A       24%         2

Your spell library contained the following spells:

 Spells                   Type           Power      Damage    Failure   Level
 Magic Dart               Conj           16%        1d3       9%          1
 Passwall                 Alch/Erth      3%         N/A       13%         2
 Kiss of Death            Conj/Necr      8%         2d6       14%         1
 Freeze                   Ice            4%         1d3       16%         1
 Blink                    Tloc           0%         N/A       32%         2
 Hailstorm                Conj/Ice       3%         3d5       32%         3
 Frozen Ramparts          Ice            2%         1d1       41%         3
 Confusing Touch          Hex            1%         N/A       43%         3
 Sigil of Binding         Hex            1%         N/A       43%         3
 Brom's Barrelling Bould  Conj/Erth      6%         2d3       45%         4
 Swiftness                Air            0%         N/A       52%         3
 Dimensional Bullseye     Hex/Tloc       0%         N/A       86%         4
 Dispel Undead            Necr           0%         3d6       88%         4
 Call Imp                 Summ           Unusable   N/A       N/A         2
 Call Canine Familiar     Summ           Unusable   N/A       N/A         3

Dungeon Overview and Level Annotations

Branches:
Dungeon (10/15) Zot: 25713  Temple (1/1) D:4 Zot: 5959    Lair (0/5) D:8
    Orc (0/2) D:10          Sewer (visited)          Bailey (visited)

Altars:
Ashenzari
Cheibriados
Dithmenos
Elyvilon
Fedhas
Gozag
Hepliaklqana
Kikubaaqudgha
Makhleb
Nemelex Xobeh
Okawaru
Qazlal
Ru
Sif Muna
Trog
Uskayaw
Vehumet
Wu Jian
Xom
Yredelemnul
Zin
The Shining One

Shops:
D:7 *   D:10 (

Annotations:
D:2 1 runed translucent door, Crazy Yiuf
D:7 2 transporters


Innate Abilities, Weirdness & Mutations

You have a pair of horns on your head.
You reflexively headbutt those who attack you in melee.


Message History

Okay, then.
You feel better.
The centaur shoots an arrow.
The arrow closely misses you.
The shadow slips into darkness.
The shadow flickers and vanishes!
Deactivating autopickup; reactivate with Ctrl-A.
You gain the combat prowess of a mighty hero.
The acid dragon barely misses you.
The acid dragon claws you but does no damage.
You slice the acid dragon!!
You kill the acid dragon!
Okawaru accepts your kill.
The acid dragon scales are intact enough to wear.
The centaur shoots an arrow.
The arrow hits you.
You slice the acid dragon!! You headbutt the acid dragon.
The acid dragon spits acid at you. The splash of acid hits you!!
The acid corrodes you!
You slice the acid dragon!!
You kill the acid dragon!
Okawaru accepts your kill.
The centaur shoots an arrow.
The arrow hits you.
Your base Ranged Weapons skill increases to level 7!
Unknown command.
The centaur unwields a +0 shortbow.
The centaur hits you.
* * * LOW HITPOINT WARNING * * *
The centaur kicks you but does no damage.
The yak gores you!
* * * LOW HITPOINT WARNING * * *
The centaur hits you.
* * * LOW HITPOINT WARNING * * *
The centaur closely misses you.
There is an open door, spattered with blood here.
Things that are here:
+0 acid dragon scales; an acid dragon corpse You slice the centaur!!
You kill the centaur!
Okawaru accepts your kill.
You slash the yak! The yak gores you but does no damage.
You hit the acid dragon but do no damage.
Your headbutt misses the acid dragon. You slice the yak!!
The acid dragon bites you!
* * * LOW HITPOINT WARNING * * *
The acid dragon closely misses you. The yak barely misses you.
You furiously retaliate!
You headbutt the yak, but do no damage. You slash the yak!
You kill the yak!
Okawaru accepts your kill.
You closely miss the acid dragon. The acid dragon spits acid at you.
The splash of acid hits you!!
You die...

#
#.###.~~≈#......#
# #.# #.≈≈≈#..#
..# # #.#
#.~≈≈#..# ..# #
#.# #.~≈≈'..# ..+
# #.# #.~≈≈#..#
..# # #.#
#.~≈≈#..##..# #
#.###.~≈≈#......+
#
#.##..~≈8#......#
#
#....#####†##@###
#
#..###....))#†D.#
# #..#
#).....#...# #
#..# #......#...#
# #..#
############ ###
# #..# #.# #.# #
#..#
####.#######.#
####..#
#.........##.#
......#
#[..#.....##.#


You could see an acid dragon (catching breath).

Vanquished Creatures
  A two-headed ogre (D:9)
  An unseen horror (D:10)
  3 komodo dragons (D:8)
  A kobold demonologist (D:9)
  A troll (D:10)
  3 hornets
  Sigmund (D:2)
  A shadow (D:8)
  4 wyverns
  A wraith (D:10)
  Grum (D:10)
  3 steam dragons
  8 yaks
  The ghost of petzl the Sneak, an amateur FoDe (D:5)
  A vampire mosquito (D:10)
  Duvessa (D:7)
  2 acid dragons (D:10)
  5 water moccasins
  Pargi (Sewer)
  2 sky beasts
  A swamp drake (D:8)
  A black bear (D:6)
  13 orc warriors
  2 wolves (D:10)
  15 centaurs
  A phantom (D:6)
  8 kobold brigands
  2 brain worms (Sewer)
  3 scorpions
  A water moccasin zombie (D:5)
  A wight (D:8)
  A water moccasin skeleton (D:5)
  Dowan (D:7)
  4 killer bees (D:9)
  3 howler monkeys
  2 electric eels (D:7)
  3 hounds
  5 orc priests
  2 jellies
  A sleepcap (D:7)
  A centaur skeleton (D:5)
  2 iguanas (D:7)
  3 orc wizards
  A killer bee zombie (D:5)
  6 gnolls
  10 adders
  A shadow imp (D:7)
  A bombardier beetle (D:6)
  2 ufetubi (D:6)
  A worm (D:5)
  5 dart slugs
  54 orcs
  5 bats
  5 endoplasms
  7 giant cockroaches
  5 goblins
  10 hobgoblins
  5 jackals
  4 quokkas
  4 ball pythons
  4 frilled lizards
  23 kobolds
  3 rats
274 creatures vanquished.

Vanquished Creatures (collateral kills)
  An orc (D:5)
  3 kobolds (D:5)
4 creatures vanquished.

Vanquished Creatures (others)
  A gnoll (D:8)
1 creature vanquished.

Grand Total: 279 creatures vanquished

Notes
Turn   | Place    | Note
-------+----------+-------------------------------------------
     0 | D:1      | Pooter the Minotaur Monk began the quest for the Orb.
     0 | D:1      | Reached XP level 1. HP: 19/19 MP: 0/0
    53 | D:1      | Reached skill level 4 in Axes
   213 | D:1      | Reached XP level 2. HP: 24/27 MP: 1/1
   798 | D:2      | Learned a level 1 spell: Sandblast
   813 | D:2      | Reached XP level 3. HP: 33/33 MP: 2/2
   831 | D:2      | Noticed Sigmund
   971 | D:2      | Killed Sigmund
   972 | D:2      | Reached skill level 5 in Fighting
   972 | D:2      | Reached skill level 6 in Axes
   972 | D:2      | Reached skill level 1 in Earth Magic
   972 | D:2      | Reached XP level 4. HP: 36/42 MP: 3/3
   972 | D:2      | Reached XP level 5. HP: 41/48 MP: 4/4
  1140 | D:2      | Found a hide-covered altar of Uskayaw.
  1729 | D:2      | Found a runed translucent door.
  1730 | D:2      | Noticed Crazy Yiuf
  1988 | D:3      | Reached XP level 6. HP: 54/56 MP: 5/5
  2171 | D:3      | You fall into a shaft and drop 2 floors!
  2171 | D:5      | Entered Level 5 of the Dungeon
  2314 | D:5      | Noticed a water moccasin
  2325 | D:5      | Reached skill level 1 in Evocations
  2344 | D:5      | Killed a water moccasin
  2345 | D:5      | Reached skill level 7 in Axes
  2483 | D:5      | Identified the +4 ring mail "Maoja" {rElec rPois Str+2
                  | Int+3}
  2521 | D:5      | Identified the +1 robe of the Orb {rPois Regen+ Dex-2
                  | Archmagi}
  2575 | D:5      | Reached XP level 7. HP: 61/61 MP: 6/6
  2577 | D:5      | Found a glowing drain.
  2582 | Sewer    | Entered a sewer
  2613 | Sewer    | Noticed Pargi
  2621 | Sewer    | Killed Pargi
  3137 | D:4      | Reached skill level 8 in Axes
  3971 | D:4      | Found a staircase to the Ecumenical Temple.
  3980 | Temple   | Entered the Ecumenical Temple
  4002 | Temple   | Became a worshipper of Warmaster Okawaru
  4002 | Temple   | Reached * piety under Okawaru
  4002 | Temple   | Reached ** piety under Okawaru
  4300 | D:5      | Found a shimmering blue altar of Sif Muna.
  4398 | D:5      | Found a runed translucent gate.
  4398 | D:5      | Found a runed translucent gate.
  4398 | D:5      | Found a runed translucent gate.
  4404 | D:5      | Noticed petzl's ghost (amateur FoDe)
  4413 | D:5      | Killed petzl's ghost
  4414 | D:5      | Reached XP level 8. HP: 63/71 MP: 7/7
  4806 | D:6      | Found a white marble altar of Elyvilon.
  4862 | D:6      | Reached skill level 9 in Axes
  5580 | D:7      | Reached *** piety under Okawaru
  5693 | D:7      | Reached skill level 10 in Axes
  5725 | D:7      | Reached XP level 9. HP: 74/79 MP: 8/8
  5827 | D:7      | Found a transporter.
  5832 | D:7      | Found a transporter.
  5833 | D:7      | Noticed a meliai
  5842 | D:7      | Noticed a manticore
  5852 | D:7      | Found a glowing golden altar of the Shining One.
  5853 | D:7      | Found a glowing silver altar of Zin.
  5853 | D:7      | Found a shadowy altar of Dithmenos.
  5873 | D:7      | a meliai changed into a troll
  5873 | D:7      | Noticed a troll (shapeshifter)
  5936 | D:7      | Found Pewekhlu's General Store.
  5944 | D:7      | Noticed Dowan
  5946 | D:7      | Noticed Duvessa
  5950 | D:7      | Killed Dowan
  5951 | D:7      | Killed Duvessa
  5960 | D:7      | Bought a scroll of blinking for 97 gold pieces
  5960 | D:7      | Bought 2 curare-tipped darts for 31 gold pieces
  5960 | D:7      | Bought a scroll of identify for 26 gold pieces
  5960 | D:7      | Bought a potion of curing for 39 gold pieces
  6488 | D:8      | Reached skill level 1 in Ranged Weapons
  6488 | D:8      | Reached skill level 1 in Invocations
  6658 | D:8      | Identified the +1 hand axe of Wahir {distort, rElec rCorr}
  6830 | D:8      | Noticed a komodo dragon
  6849 | D:8      | Killed a komodo dragon
  6850 | D:8      | Reached skill level 11 in Axes
  6959 | D:8      | Reached XP level 10. HP: 74/90 MP: 11/11
  7035 | D:8      | Found a staircase to the Lair.
  7074 | D:8      | Reached skill level 5 in Evocations
  7700 | D:8      | Learned a level 3 spell: Stone Arrow
  7780 | D:9      | Reached **** piety under Okawaru
  7787 | D:9      | Reached skill level 5 in Ranged Weapons
  7793 | D:9      | Reached skill level 12 in Axes
  7957 | D:9      | Found a flagged portal.
  7966 | Bailey   | Entered a bailey
  7991 | Bailey   | Reached skill level 1 in Conjurations
  8635 | Bailey   | Reached skill level 5 in Invocations
  9770 | Bailey   | Identified the +2 bardiche of the Little People {freeze,
                  | Int-3 Dex+3}
  9793 | Bailey   | Reached XP level 11. HP: 88/97 MP: 12/14
 10184 | D:9      | Noticed a two-headed ogre
 10192 | D:9      | Killed a two-headed ogre
 10193 | D:9      | Reached skill level 1 in Polearms
 11024 | D:10     | Entered Level 10 of the Dungeon
 11092 | D:10     | Found Mycvagea's Antique Weapon Shop.
 11319 | D:10     | Learned a level 2 spell: Ensorcelled Hibernation
 11349 | D:10     | Found a staircase to the Orcish Mines.
 11525 | D:10     | Noticed Grum
 11532 | D:10     | Killed Grum
 12305 | D:10     | Killed from afar by an acid dragon

Illustrated notes

Levels and vault maps discovered:
D:1:      heliophobic_arrival_ceremonial_halls, layout_basic
D:2:      cheibrodos_helix_gallery, layout_loops_ring, basic_altar,
          uniq_sigmund, uniq_crazy_yiuf_cottage
D:3:      layout_basic
D:4:      layout_basic, minmay_temple_entry_poolview
D:5:      layout_loops_ring, nicolae_overflow_hidden_temple,
          lightli_sewer_entry_pipes, gammafunk_ghost_necromancy,
          solitary_fountain
D:6:      nicolae_BIG_FREAKIN_CUBE, layout_loops_ring,
          mainiacjoe_overflow_concentric_impassable
D:7:      layout_rooms, gammafunk_temple_overflow_arena, serial_bayou,
          serial_bayou_pond_c, serial_bayou_pond_a, serial_bayou_lagoon_a,
          serial_bayou_shore_b, serial_shops, shop, chequers_mini_garden,
          uniq_duvessa
D:8:      minmay_angry_zag, layout_rooms, erik_lair_dragon
D:9:      layout_roguey, enter_bailey_2
D:10:     layout_long_grid, orc_david_3, serial_shops,
          nicolae_shop_advertising_works [nicolae_subvault_shop_adworks],
          chequers_serial_rivers_room_a, evilmike_minifort, uniq_grum
Temple:   nicolae_temple_bog_church

Skill      XL: |  1  2  3  4  5  6  7  8  9 10 11 |
---------------+----------------------------------+-----
Axes           | 4 6 7 8 10 11 12 | 12.4
Fighting       | 4 5 6 7 8 9 |  9.7
Earth Magic    | 1 2 3 4 |  4.6
Evocations     | 1 2 3 4 5 6 |  6.0
Ranged Weapons | 3 5 7 |  7.0
Invocations    | 3 5 |  5.9
Conjurations   | 1 2 |  2.3
Polearms       | 3 |  3.5
Dodging        | |  3.2
Hexes          | |  0.6
Ice Magic      | |  0.8

Action                     |  1- 3 |  4- 6 |  7- 9 | 10-12 || total
---------------------------+-------+-------+-------+-------++-------
  Melee: Hand axe          |    47 |    85 |       |       ||   132
         Headbutt          |     9 |    13 |    33 |    33 ||    88
         Halberd           |       |       |   216 |   116 ||   332
         Bardiche          |       |       |       |    63 ||    63
         Battleaxe         |       |       |       |    36 ||    36
   Fire: Orcbow            |       |       |    13 |   180 ||   193
  Throw: Dart              |       |       |     4 |    17 ||    21
         Javelin           |       |       |       |     4 ||     4
   Cast: Sandblast         |     2 |     3 |     7 |       ||    12
 Invoke: Heroism           |       |       |     7 |    21 ||    28
  Evoke: Wand              |       |     2 |     4 |     9 ||    15
    Use: Scroll            |     1 |     4 |     7 |     9 ||    21
         Potion            |     1 |       |       |     3 ||     4
   Stab: Distracted        |       |       |       |     1 ||     1
 Armour: Robe              |    29 |    33 |       |       ||    62
         Ring mail         |       |     7 |   148 |   223 ||   378
  Dodge: Dodged            |    37 |    48 |   147 |   177 ||   409

Table legend: (Time is in decaauts)
 A = Elapsed time spent in this place.
 B = Non-inter-level travel time spent in this place.
 C = Inter-level travel time spent in this place.
 D = Time resting spent in this place.
 E = Time spent auto-exploring this place.
 F = Levels seen in this place.
 G = Mean time per level.
                   A        B        C        D        E       F      G
               +--------+--------+--------+--------+--------+-----+--------+
         Total |  12416 |  11909 |    507 |   2606 |   6639 |  13 |  955.1 |
       Dungeon |  10065 |   9575 |    490 |   1199 |   6330 |  10 | 1006.5 |
        Temple |     40 |     23 |     17 |      0 |      0 |   1 |   40.0 |
         Sewer |    172 |    172 |      0 |      0 |     19 |   1 |  172.0 |
        Bailey |   2137 |   2137 |      0 |   1407 |    290 |   1 | 2137.0 |
               +--------+--------+--------+--------+--------+-----+--------+

Top non-repeatable levels by time:
  Bailey: 2137 daAuts
     D:9: 1247 daAuts
    D:10: 1235 daAuts
     D:8: 1149 daAuts
     D:5: 1113 daAuts
     D:7: 1026 daAuts
     D:4: 985 daAuts
     D:2: 895 daAuts
     D:1: 866 daAuts
     D:6: 783 daAuts
     D:3: 762 daAuts
   Sewer: 172 daAuts
  Temple: 40 daAuts
